cohdb
Replays
Latest Replays
All Replays
Popular Replays
Top Player Replays
Match Explorer
How It Works
Community
CoH3 Stats
Reddit
Sign in to upload your games and track your stats! →
Sign in with Steam
Match 29241888
Unlisted
Match 29241888
Overview
Messages
Build Orders
End
Selects Italian Combined Arms Battlegroup
Selects Bersaglieri Squad
Bersaglieri Squad
Kradschützen Motorcycle Team
Bersaglieri Squad
Construct Light Support Kompanie
MG34 Team
Selects Vehicle Support - Secure Location
Fire Support Elements
le.IG 18 Support Gun Team
Flakvierling Half-track
Panzerjäger Squad
Panzerpioneer Squad
Selects Breda Model 30 Light Machine Guns
Pak 38 Mechanized Group
2.5-tonne Medical Truck
Bersaglieri Squad
Construct Panzerarmee Kommand
Panzer III L Medium Tank
Vehicle Survival Package
Armored Reserves
Selects Semovente da 75/18 Assault Gun
Selects Strafing Run
Nukepapa
PawBandito
0
0
Comments
sign in to comment!
No comments posted yet!